 Dungeon Crawl Stone Soup version 0.26-a0-753-g4680b4fa2e (webtiles) character file.

Game seed: 8435534900069349987

88 Queen the Skirmisher (level 4, 0/35 HPs)
             Began as a Demonspawn Abyssal Knight on Nov 7, 2020.
             Was a Believer of Lugonu.
             Succumbed to an adder's poison
             ... on level 2 of the Dungeon.
             The game lasted 00:03:32 (1728 turns).

Queen the Skirmisher (Demonspawn Abyssal Knight)    Turns: 1728, Time: 00:03:32

Health: 0/35       AC:  6    Str: 13    XL:     4   Next: 30%
Magic:  6/6        EV: 11    Int: 13    God:    Lugonu [**....]
Gold:   99         SH:  0    Dex: 13    Spells: 3/3 levels left

rFire    . . .     SeeInvis .   a - +1 falchion
rCold    . . .     Faith    .   (no shield)
rNeg     . . .     Spirit   .   k - +0 scale mail
rPois    .         Reflect  .   (no helmet)
rElec    .         Harm     .   (no cloak)
rCorr    .         Rampage  .   (no gloves)
MR       .....                  (no boots)
Stlth    +.........             (no amulet)
HPRegen  0.11/turn              (no ring)
MPRegen  0.10/turn              (no ring)

@: lethally poisoned (0 -> -2), very slightly contaminated, invisible
A: sturdy frame 2
a: Depart the Abyss, Bend Space, Renounce Religion


You were on level 2 of the Dungeon.
You worshipped Lugonu.
Lugonu was pleased with you.
You visited 1 branch of the dungeon, and saw 2 of its levels.
You visited the Abyss 1 time.

You collected 99 gold pieces.

Inventory:

Hand Weapons
 a - a +1 falchion (weapon)
Armour
 k - a +0 scale mail (worn)
Jewellery
 d - an uncursed amulet of magic regeneration {unknown}
Scrolls
 b - a scroll of teleportation {unknown}
 c - a scroll of noise {unknown}
 e - a scroll of random uselessness {unknown}
 f - a scroll of enchant armour {unknown}
 g - a scroll of blinking {unknown}
 h - 2 scrolls of remove curse {unknown}
 i - a scroll of amnesia {unknown}


   Skills:
 * Level 3.5 Fighting
 + Level 2.4 Long Blades
 + Level 2.3 Armour
 + Level 1.7 Dodging
 + Level 3.4 Invocations


You had 3 spell levels left.
You didn't know any spells.
Your spell library was empty.

Dungeon Overview and Level Annotations

Branches:
Dungeon (2/15)

Altars:


Innate Abilities, Weirdness & Mutations

Your movements are less encumbered by armour. (ER -4)


Message History

You completely miss the worm. The worm bites you.
* * * LOW HITPOINT WARNING * * *
You hit the worm.
The worm is lightly wounded.
You feel sick. The worm bites you.
* * * LOW HITPOINT WARNING * * *
It was a potion of invisibility.
You fade into invisibility!
You are very lightly contaminated with residual magic.
* * * LOW HITPOINT WARNING * * *
You feel sick.
Found 13 gold pieces.
Found an escape hatch in the floor. 2 kobolds come into view.
* * * LOW HITPOINT WARNING * * *
You feel sick.
Found 18 gold pieces.
The kobold shouts!
* * * LOW HITPOINT WARNING * * *
You feel sick.
You die...

#.##.# #.##.# ###
#>##.# ..###.##.#
#.##.....########
#.##...†.((.....#
#.##...########w#
#.#..#..## #.# #
#...###.@######.#.##+##
##..##
##....K.w.>$....#
##....#
#.....###.##$..K#
##..#.## ##.#..# #$#
..## ######..####
####..##K# ## .......##
##.##.# .####...# .##.#
.# #....# ....# ##
##......+ #####


You could see a worm and a kobold.

Vanquished Creatures
  4 adders (D:2)
  An ooze (D:1)
  A worm (D:2)
  A leopard gecko (D:1)
  3 bats
  A giant cockroach (D:1)
  7 goblins
  7 hobgoblins
  3 jackals (D:2)
  5 kobolds
  A quokka (D:2)
  A ball python (D:2)
  2 frilled lizards (D:1)
  2 rats (D:1)
39 creatures vanquished.

Notes
Turn   | Place    | Note
-------+----------+-------------------------------------------
     0 | Abyss:1  | Queen the Demonspawn Abyssal Knight began the quest for the
                  | Orb.
     0 | Abyss:1  | Reached XP level 1. HP: 18/18 MP: 2/2
     8 | D:1      | Escaped the Abyss
    41 | D:1      | Reached skill level 1 in Dodging
    71 | D:1      | Gained mutation: Your movements are slightly less
                  | encumbered by armour. (ER -2) [demonic ancestry]
    71 | D:1      | Reached XP level 2. HP: 20/24 MP: 4/4
   514 | D:1      | Gained mutation: Your movements are less encumbered by
                  | armour. (ER -4) [demonic ancestry]
   514 | D:1      | Reached XP level 3. HP: 23/29 MP: 5/5
   519 | D:1      | Reached ** piety under Lugonu
  1246 | D:2      | Reached XP level 4. HP: 14/35 MP: 6/6
  1720 | D:2      | HP: 1/35 [poisoned by an adder]
  1728 | D:2      | Succumbed to an adder's poison

Illustrated notes

Levels and vault maps discovered:
D:1:      enne_arrival_octagon_isle, layout_basic, minmay_pentomino_v4
D:2:      kb_forest_paths, layout_loops_ring, grunt_gozag_statues,
          minmay_overflow_temple_star_hex, minmay_fractal_squares_gapless_5

Skill      XL: |  1  2  3 |
---------------+----------+-----
Dodging        | 1 |  1.7
Long Blades    | 2 |  2.4
Armour         | 2 |  2.3
Invocations    | 3 |  3.4
Fighting       | |  3.5

Action                   |  1- 3 |  4- 6 || total
-------------------------+-------+-------++-------
Melee: Falchion          |    87 |    35 ||   122
  Use: Potion            |       |     1 ||     1
 Stab: Distracted        |     1 |       ||     1
       Sleeping          |     1 |       ||     1
Armor: Leather armour    |    14 |       ||    14
       Scale mail        |       |    15 ||    15
Dodge: Dodged            |    49 |    27 ||    76
       Rpst.: Falchion   |    24 |     7 ||    31

Table legend: (Time is in decaauts)
 A = Elapsed time spent in this place.
 B = Non-inter-level travel time spent in this place.
 C = Inter-level travel time spent in this place.
 D = Time resting spent in this place.
 E = Time spent auto-exploring this place.
 F = Levels seen in this place.
 G = Mean time per level.
                   A        B        C        D        E       F      G
               +--------+--------+--------+--------+--------+-----+--------+
         Total |   1751 |   1704 |     47 |    864 |    509 |   3 |  583.7 |
       Dungeon |   1743 |   1696 |     47 |    864 |    508 |   2 |  871.5 |
         Abyss |      8 |      8 |      0 |      0 |      1 |   1 |    8.0 |
               +--------+--------+--------+--------+--------+-----+--------+

Top non-repeatable levels by time:
     D:2: 915 daAuts
     D:1: 828 daAuts
 Abyss:1: 8 daAuts
